General information
- name: BNet
- type: Ladder team game (AT/RT)
- host: Battle.net
- saver: HowDoIMove
map: Cherryville
- players: 8
- length: 08:33
- speed: Fast
- version: 1.28 W3XP
- replay type: Public
» download(83 KB)
Players
team 1 (winner)

»
agan-fly (
pink | 34 APM | 291 actions | 08:32)
3 Keeper of the Grove
2 Entangling Roots
1 Force of Nature
» actions
| Build / train | 28 | |
| Enter build submenu | 9 | |
| Enter hero's abilities submenu | 3 | |
| Right click | 137 | |
| Select / deselect | 97 | |
| Use ability | 17 | |
291 total
» units
» buildings
| Altar of Elders | 1 | |
| Moon Well | 4 | |
| Hunter's Hall | 1 | |
| Ancient of War | 2 | |
| Ancient of Wonders | 1 | |
| Tree of Ages | 1 | |
10 total
» build order
00:22 Altar of Elders
00:35 Moon Well
01:24 Hunter's Hall
01:53 Ancient of War
02:06 Ancient of War
02:19 Moon Well
02:53 Moon Well
03:48 Ancient of Wonders
04:14 Moon Well
06:39 Tree of Ages

»
LetsAT (
yellow | 46 APM | 395 actions | 08:32)
4 Mountain King
2 Storm Bolt
2 Bash
» actions
| Assign group hotkey | 29 | |
| Build / train | 29 | |
| Enter build submenu | 14 | |
| Enter hero's abilities submenu | 4 | |
| Give item / drop item | 3 | |
| Right click | 198 | |
| Select / deselect | 73 | |
| Select group hotkey | 18 | |
| Use ability | 27 | |
395 total
» units
| Peasant | 8 | |
| Footman | 5 | |
| Rifleman | 6 | |
19 total
» buildings
| Altar of Kings | 1 | |
| Farm | 7 | |
| Barracks | 2 | |
| Blacksmith | 1 | |
| Arcane Vault | 1 | |
| Lumber Mill | 1 | |
| Keep | 1 | |
14 total
» build order
00:05 Altar of Kings
00:20 Farm
00:35 Barracks
00:57 Farm
01:38 Barracks
02:01 Farm
02:23 Farm
02:36 Blacksmith
03:04 Arcane Vault
03:30 Farm
04:10 Farm
04:44 Lumber Mill
05:53 Keep
06:51 Farm
» items
| Scroll of Regeneration | 2 | |
| Lesser Clarity Potion | 2 | |
4 total

»
ShutUpNerd (
red | 86 APM | 735 actions | 08:32)
3 Tauren Chieftain
2 Shockwave
1 Endurance Aura
» actions
| Assign group hotkey | 111 | |
| Basic commands | 76 | |
| Build / train | 25 | |
| Enter build submenu | 10 | |
| Enter hero's abilities submenu | 3 | |
| Right click | 239 | |
| Select / deselect | 101 | |
| Select group hotkey | 156 | |
| Use ability | 14 | |
735 total
» units
» upgrades
| Pillage | 1 | |
| Melee Weapons | 1 | |
| Armor | 1 | |
3 total
» buildings
| Altar of Storms | 1 | |
| Orc Burrow | 5 | |
| Barracks | 2 | |
| Voodoo Lounge | 1 | |
| War Mill | 1 | |
10 total
» build order
00:10 Altar of Storms
00:19 Orc Burrow
00:36 Barracks
01:37 Orc Burrow
01:58 Barracks
02:10 Voodoo Lounge
02:46 Orc Burrow
03:39 War Mill
04:24 Orc Burrow
06:06 Orc Burrow
HowDoIMove (
orange | 50 APM | 424 actions | 08:33)
3 Blood Mage
2 Flame Strike
1 Siphon Mana
» actions
| Assign group hotkey | 46 | |
| Basic commands | 7 | |
| Build / train | 28 | |
| Enter build submenu | 17 | |
| Enter hero's abilities submenu | 3 | |
| Give item / drop item | 2 | |
| Right click | 142 | |
| Select / deselect | 116 | |
| Select group hotkey | 32 | |
| Use ability | 31 | |
424 total
» units
» buildings
| Altar of Kings | 1 | |
| Barracks | 1 | |
| Farm | 4 | |
| Scout Tower | 6 | |
| Arcane Tower | 1 | |
| Arcane Vault | 2 | |
| Keep | 1 | |
| Town Hall | 1 | |
| Arcane Sanctum | 1 | |
| Lumber Mill | 1 | |
19 total
» build order
02:06 Altar of Kings
02:16 Barracks
02:31 Farm
02:46 Farm
02:54 Farm
03:27 Farm
03:37 Scout Tower
04:05 Arcane Tower
04:14 Arcane Vault
04:17 Arcane Vault
05:08 Keep
06:32 Town Hall
07:49 Arcane Sanctum
07:53 Lumber Mill
07:57 Scout Tower
07:58 Scout Tower
08:04 Scout Tower
08:05 Scout Tower
08:07 Scout Tower
» items
| Scroll of Regeneration | 2 | |
| Mechanical Critter | 1 | |
| Staff of Teleportation | 1 | |
| Boots of Speed | 1 | |
| Potion of Invisibility | 1 | |
6 total
team 2 (loser)

»
HellKnight97 (
green | 63 APM | 535 actions | 08:30)
2 Archmage
1 Summon Water Elemental
1 Brilliance Aura
» actions
| Basic commands | 4 | |
| Build / train | 36 | |
| Enter build submenu | 17 | |
| Enter hero's abilities submenu | 2 | |
| Remove unit from queue | 2 | |
| Right click | 208 | |
| Select / deselect | 231 | |
| Use ability | 35 | |
535 total
» units
» upgrades
» buildings
| Farm | 4 | |
| Altar of Kings | 1 | |
| Barracks | 1 | |
| Scout Tower | 5 | |
| Lumber Mill | 2 | |
| Arcane Tower | 1 | |
| Arcane Vault | 1 | |
| Blacksmith | 1 | |
| Guard Tower | 4 | |
| Keep | 2 | |
22 total
» build order
00:10 Farm
00:20 Altar of Kings
00:39 Barracks
01:29 Scout Tower
01:41 Farm
02:10 Lumber Mill
02:19 Lumber Mill
02:21 Arcane Tower
02:25 Farm
03:03 Arcane Vault
03:20 Blacksmith
03:56 Scout Tower
04:19 Scout Tower
04:24 Farm
04:25 Guard Tower
04:49 Guard Tower
04:51 Scout Tower
05:19 Keep
05:19 Keep
05:31 Guard Tower
06:44 Scout Tower
07:27 Guard Tower
» items

»
R[e]pla[Y] (
teal | 68 APM | 577 actions | 08:26)
3 Death Knight
2 Death Coil
1 Unholy Aura
» actions
| Assign group hotkey | 10 | |
| Basic commands | 10 | |
| Build / train | 28 | |
| ESC pressed | 2 | |
| Enter build submenu | 10 | |
| Enter hero's abilities submenu | 3 | |
| Remove unit from queue | 1 | |
| Right click | 304 | |
| Select / deselect | 88 | |
| Select group hotkey | 88 | |
| Use ability | 33 | |
577 total
» units
| Acolyte | 7 | |
| Ghoul | 2 | |
| Crypt Fiend | 7 | |
16 total
» upgrades
» buildings
| Ziggurat | 3 | |
| Altar of Darkness | 1 | |
| Crypt | 1 | |
| Tomb of Relics | 1 | |
| Graveyard | 2 | |
| Halls of the Dead | 1 | |
9 total
» build order
00:06 Ziggurat
00:09 Altar of Darkness
00:36 Crypt
00:55 Tomb of Relics
01:09 Ziggurat
01:44 Graveyard
02:03 Graveyard
03:32 Halls of the Dead
03:52 Ziggurat
» items
| Rod of Necromancy | 2 | |
| Potion of Healing | 1 | |
| Scroll of Town Portal | 1 | |
4 total

»
!Q55 (
blue | 77 APM | 660 actions | 08:32)
2 Archmage
1 Blizzard
1 Brilliance Aura
1 Blood Mage
1 Flame Strike
» actions
| Assign group hotkey | 16 | |
| Basic commands | 4 | |
| Build / train | 35 | |
| Enter build submenu | 16 | |
| Enter hero's abilities submenu | 3 | |
| Right click | 332 | |
| Select / deselect | 119 | |
| Select group hotkey | 108 | |
| Use ability | 27 | |
660 total
» units
| Peasant | 10 | |
| Footman | 7 | |
| Sorceress | 3 | |
| Priest | 3 | |
23 total
» upgrades
| Sorceress Training | 1 | |
| Priest Training | 1 | |
2 total
» buildings
| Altar of Kings | 1 | |
| Farm | 7 | |
| Barracks | 1 | |
| Arcane Vault | 1 | |
| Keep | 2 | |
| Scout Tower | 1 | |
| Blacksmith | 1 | |
| Arcane Tower | 1 | |
| Lumber Mill | 1 | |
| Arcane Sanctum | 2 | |
18 total
» build order
00:19 Altar of Kings
00:22 Farm
00:41 Barracks
01:07 Farm
02:06 Farm
02:47 Arcane Vault
03:13 Keep
03:13 Keep
03:20 Scout Tower
03:49 Blacksmith
03:51 Arcane Tower
04:00 Farm
05:04 Lumber Mill
05:17 Farm
05:49 Arcane Sanctum
05:53 Arcane Sanctum
07:19 Farm
07:35 Farm
» items
| Potion of Healing | 1 | |
| Scroll of Regeneration | 1 | |
2 total
learningtoplay (
purple | 31 APM | 250 actions | 08:03)
» actions
| Basic commands | 5 | |
| Build / train | 33 | |
| Enter build submenu | 8 | |
| Remove unit from queue | 1 | |
| Right click | 129 | |
| Select / deselect | 65 | |
| Use ability | 9 | |
250 total
» units
» upgrades
» buildings
| Altar of Elders | 1 | |
| Moon Well | 4 | |
| Ancient of War | 1 | |
| Tree of Ages | 1 | |
| Ancient of Wind | 1 | |
8 total
» build order
00:12 Altar of Elders
01:17 Moon Well
01:36 Ancient of War
02:15 Moon Well
02:48 Tree of Ages
03:17 Moon Well
04:25 Moon Well
05:25 Ancient of Wind
Chat log
(00:11 / Allies) agan-fly: rush
(00:24 / Allies) agan-fly: i know
(00:25 / Allies) LetsAT: evry game
(00:27 / Allies) ShutUpNerd: yeah we better rush
(00:40 / Allies) agan-fly: kotg hunt
(00:45 / Allies) LetsAT: mk footies
(00:49 / Allies) ShutUpNerd: orange you select your units with the left mouse button
(00:56 / Allies) ShutUpNerd: then right click on the goldmine
(01:16 / Allies) agan-fly: 0.0
(01:27 / Allies) LetsAT: do you really just not know how to play orabge?
(01:32 / Allies) ShutUpNerd: they you can click a peasant left click the hammer icon and make buildings
(01:39 / Allies) HowDoIMove: aunt just buyed me game
(01:44 / Allies) ShutUpNerd: build altar barracks farm
(02:04 / Allies) LetsAT: where are you from?
(02:14 / Allies) HowDoIMove: mexico
(02:25 / Allies) LetsAT: gotcha
(02:38 / Allies) agan-fly: make farms and get 5 peasants on gold
(02:44 / Allies) agan-fly: and like 8 on lumber
(04:56 / Allies) ShutUpNerd: militia creep, your aunt must have bought you the strategy guide too huh ;)
(05:07 / Allies) agan-fly: comin red
(05:12 / Allies) HowDoIMove: i reed website
(05:55 / Allies) ShutUpNerd: nice
(05:56 / Allies) LetsAT: ok im ready to hit
(06:33 / Allies) LetsAT: stick in thre
(06:34 / Allies) LetsAT: brt
(07:54 / Allies) ShutUpNerd: gj team
(08:30 / All) !Q55: such a bad team